AoeStats
← postvmas

Golden Pit

509155509Analyzed
1v1 RM · 7d ago on Sep 25, 2026· 81m 35s· 2 players
Game mode
Random Map
Map size
Tiny (2 player)
Population
200
Speed
Normal
Resources
Standard
Victory
Conquest
Starting age
Dark Age
Ending age
Imperial Age
RankedLock teamsTeams togetherTeam positionsShared explorationLock speedFull tech treeHidden civsTurbo modeCheats
Victory
Defeat
🇪🇸 Cumans · Spain
307
+16
🇺🇸 Japanese · United States
306
-16
Rasky
5:19 Loom
11:33 Feudal Age
12:57 Double-Bit Axe
14:40 Wheelbarrow
14:45 Town Watch
16:14 Horse Collar
18:42 Man-at-Arms
22:26 Arson
25:03 Castle Age
28:34 Bow Saw
28:41 Stone Mining
28:42 Gold Mining
30:00 Pikeman
33:20 Masonry
33:38 Scale Mail Armor
39:52 Imperial Age
39:17 Chain Mail Armor
41:34 Capped Ram
49:27 Elite Samurai
66:17 Gold Shaft Mining
66:54 Hand Cart
66:43 Town Patrol
67:08 Halberdier
69:10 Murder Holes
76:05 Heavy Plow
postvmas
0:28 Loom
14:41 Feudal Age
17:19 Wheelbarrow
17:51 Double-Bit Axe
17:53 Horse Collar
30:14 Castle Age
30:20 Elite Skirmisher
32:58 Capped Ram
36:05 Bow Saw
41:34 Imperial Age
39:24 Hand Cart
47:21 Chemistry
47:50 Elite Steppe Lancer
54:55 Parthian Tactics
71:17 Elite Kipchak
Connection lost

Rejoining the realm…

Still unreachable

The connection could not be restored.

Session expired

The server has moved on; the page needs a fresh start.